[Event "*** Qualifier 3: Titled Tuesday 3|2 Blitz"]
[Site "Chess.com"]
[Date "2017.04.18"]
[Round "8"]
[White "Alex_Molchanov"]
[Black "Vamostodorecto"]
[Result "0-1"]
[WhiteElo "2425"]
[BlackElo "2387"]
[TimeControl "180+2"]
[EndTime "14:48:58 PDT"]
[Termination "Vamostodorecto won by resignation"]

1. d4 d5 2. c4 Nc6 3. Nc3 dxc4 4.
e3 e5 5. d5 Nce7 6. Bxc4 Ng6 7. h3 a6 8. a4 Nf6 9. e4 Bb4 10. Qc2 O-O 11. Ne2 Nh5 12. g4 Nhf4 13. Nxf4 exf4 14.
Bd2 Qf6 15. O-O-O b5 16. Bb3 Bd7 17. Nb1 Bxd2+ 18. Nxd2 Ne5 19. a5 c6 20. Kb1 cxd5 21.
Bxd5 Rac8 22. Qb3 Be6 23. Bxe6 fxe6 24. Rc1 Rcd8 25. Rhd1 Nd3 26. Rc6 Nxf2 27. e5 Qg6+ 28. Ka2 Nxd1 29. Rxe6 Qf7 30. Ne4 Kh8 31. Ng5 Qc7 32.
Rd6 Rxd6 33. exd6 Qc4 34. d7 Kg8 35. Ne6 Rb8 36. Nxf4 Kf7 37. g5 Qxb3+ 38. Kxb3 Ke7 39. Kc2 Ne3+ 40. Kd3 Nc4 41. b3 Nxa5 42. Kc3 Kxd7 43. Nh5 Rc8+ 44. Kb4 Nc6+ 45. Kc5 Ne7+ 46. Kb6 Rc6+ 47.
Ka5 Nf5 48. b4 Rg6 49. h4 Nxh4 50. Nf6+ gxf6 51. gxf6 Rg1 52. f7 Ra1+ 53. Kb6 Ke7 54.
f8=Q+ Kxf8 55. Kc5 Ng6 56. Kb6 Kg7 0-1

[Event "*** Qualifier 3: Titled Tuesday 3|2 Blitz"]
[Site "Chess.com"]
[Date "2017.04.18"]
[Round "8"]
[White "mwpchess"]
[Black "GulamaliRises"]
[Result "0-1"]
[WhiteElo "2395"]
[BlackElo "2462"]
[TimeControl "180+2"]
[EndTime "14:49:00 PDT"]
[Termination "GulamaliRises won by resignation"]

1. e4 c5 2. Nf3 d6 3. d4 cxd4 4.
Nxd4 Nf6 5. Nc3 a6 6. Be3 e5 7.
Nb3 Be6 8. f3 Be7 9. Qd2 O-O 10.
O-O-O Nbd7 11. g4 b5 12. g5 b4 13. gxf6 bxc3 14. Qxc3 Nxf6 15. Na5 Rc8 16. Nc6 Qc7 17. Nxe7+ Qxe7 18. Qa5 Rc6 19. Rg1 Rfc8 20. c3 Ne8 21.
Rg2 Kh8 22. Bd3 Qb7 23. Rdg1 Bc4 24. Bxc4 Rxc4 25. Rd2 Qb5 26. Qxb5 axb5 27. Kb1 g6 28.
a3 Kg7 29. Rd5 Rb8 30. h4 Kf6 31. Kc2 Ke6 32. Rgd1 f5 33. exf5+ gxf5 34. Bg5 f4 35. Kb3 Rc6 36. Kb4 Nc7 37. R5d2 d5 38. Re2 Kf5 39. Rde1 Rc4+ 40. Kb3 e4 41. Be7 Ne6 42. Rg1 Rb7 43. Bd6 e3 44. Reg2 Rd7 45. Bb4 d4 46. cxd4 Nxd4+ 47. Ka2 Nxf3 48. Rf1 Nxh4 49. Rh2 Ng6 50. Bc3 Ke4 51.
Rh3 e2 52. Rf2 Rxc3 53. Rxe2+ Re3 54. Reh2 Rxh3 55. Rxh3 Rd2 56. Kb3 f3 57. Kb4 Rxb2+ 58.
Kc5 f2 59. Rh1 Ne5 60. Kb6 Nc4+ 61. Kc5 Nxa3 62. Rh4+ Kf3 0-1

[Event "*** Qualifier 3: Titled Tuesday 3|2 Blitz"]
[Site "Chess.com"]
[Date "2017.04.18"]
[Round "8"]
[White "FearNoEvil12"]
[Black "NowInChess"]
[Result "0-1"]
[WhiteElo "2116"]
[BlackElo "2088"]
[TimeControl "180+2"]
[EndTime "14:49:04 PDT"]
[Termination "NowInChess won by resignation"]

1. e4 e6 2. d4 d5 3. Nd2 Nf6 4.
e5 Nfd7 5. c3 c5 6. Bd3 Nc6 7.
Ne2 cxd4 8. cxd4 f6 9. exf6 Nxf6 10. O-O Bd6 11. Nf3 Qc7 12. Ng3 O-O 13. Bg5 Bd7 14. Rc1 Rae8 15. Bb1 Re7 16. a3 Be8 17. b4 a6 18. Re1 h6 19. Bxf6 Rxf6 20. Ne5 Qb6 21.
Nxc6 bxc6 22. Qc2 g5 23. Red1 Bf4 24. Qc5 Qc7 25. Rc2 Bg6 26. Re2 Bd6 27. Qc1 Bxg3 28. hxg3 Bh5 29. f3 Qxg3 30. Rf1 Qf4 31. Qc5 Rff7 32.
Ref2 Qe3 33. Qxc6 g4 34. Qc8+ Rf8 35. Qxa6 g3 36. Qe2 gxf2+ 37. Qxf2 Qxf2+ 38. Rxf2 Rc8 39. Bd3 Rc1+ 40. Kh2 Kg7 41. f4 Bg6 42. Bxg6 Kxg6 43. Ra2 Ra7 44. a4 Rb1 45. b5 Rxb5 46. f5+ Kxf5 47.
Rf2+ Ke4 48. axb5 Kxd4 49. Rf6 e5 50. b6 Rb7 51. Rxh6 Kc5 52. Kg3 Rxb6 53. Rh5 e4 54. Kf4 Kd4 55. g4 Rf6+ 56. Rf5 Rxf5+ 57. gxf5 e3 58. Kf3 Kd3 59. f6 e2 60. Kf2 Kd2 61.
f7 e1=Q+ 62. Kg2 Qe7 0-1

[Event "*** Qualifier 3: Titled Tuesday 3|2 Blitz"]
[Site "Chess.com"]
[Date "2017.04.18"]
[Round "8"]
[White "Blitzstream"]
[Black "djogrodek1"]
[Result "0-1"]
[WhiteElo "2466"]
[BlackElo "2421"]
[TimeControl "180+2"]
[EndTime "14:49:07 PDT"]
[Termination "djogrodek1 won by resignation"]

1. d4 d5 2. Nf3 Nf6 3. Bf4 c5 4. c3 Qb6 5. Qb3 Nc6 6. Qxb6 axb6 7.
e3 c4 8. Nbd2 b5 9. Ne5 e6 10. Be2 b4 11. O-O Bd7 12. e4 Be7 13. Bf3 bxc3 14. bxc3 Ra3 15. Rab1 Bc8 16. exd5 exd5 17.
Nxc6 bxc6 18. Rb8 O-O 19. Re1 Be6 20. Rb7 Re8 21. Rxe7 Rxe7 22. Bd6 Rea7 23. Bxa3 Rxa3 24. Rc1 Rxa2 25. Nf1 g6 26. Ne3 Kg7 27. Nc2 Bd7 28. Nb4 Ra3 29. Kf1 Rb3 30. Ke2 Kf8 31. Kd2 Rb2+ 32. Rc2 Rxc2+ 33. Kxc2 Ke7 34. Na6 Kd6 35. Nc5 Bf5+ 36. Kd2 Nd7 37. Nxd7 Kxd7 38. Ke3 g5 39.
g3 Kd6 40. h4 h6 41. Bh5 f6 42.
Bd1 Bd3 43. Bh5 Bf5 44. Be2 Bd7 45. Bh5 Kc7 46. f4 Kb6 47. Bd1 Kb5 48. Bc2 Kb6 49. Bg6 Ka5 50. Bc2 Kb5 51. Bd1 Bc8 52. Bc2 Kb6 53.
Bd1 Bf5 54. Kd2 Kc7 55. Ke3 Kd6 56. Bf3 Ke6 57. Bd1 Kd6 58. Be2 Be4 59. Bh5 Kc7 60.
Bd1 Bf5 61. Be2 Bc2 62. Kd2 Bb3 63. Bh5 Kb6 64. Be8 Ba4 65. Ke3 Bb5 66. Kd2 c5 67. Ke3 Bxe8 68. fxg5 fxg5 69. hxg5 hxg5 0-1

[Event "*** Qualifier 3: Titled Tuesday 3|2 Blitz"]
[Site "Chess.com"]
[Date "2017.04.18"]
[Round "8"]
[White "prochn"]
[Black "PowerThinking2650"]
[Result "1-0"]
[WhiteElo "2191"]
[BlackElo "2230"]
[TimeControl "180+2"]
[EndTime "14:49:19 PDT"]
[Termination "prochn won by resignation"]

1. d4 Nf6 2. c4 g6 3. g3 Bg7 4.
Bg2 O-O 5. Nf3 d6 6. O-O Nbd7 7. Nc3 e5 8. e4 exd4 9. Nxd4 Re8 10. Re1 Nc5 11.
h3 a5 12. Be3 Ncxe4 13. Nxe4 Nxe4 14. Qc2 Nxg3 15. Nb5 Bf5 16. Qb3 a4 17. Qa3 Ne4 18. Rad1 Bd7 19. Bd4 Bxd4 20. Nxd4 Nc5 21. Qg3 Qf6 22.
Nb5 Bxb5 23. cxb5 h5 24. b4 axb3 25. axb3 Rxe1+ 26. Rxe1 Ra1 27. Qe3 Rxe1+ 28. Qxe1 Qe5 29. Qd1 b6 30. b4 Ne6 31. Qf3 Nf4 32. Bf1 g5 33. Qc6 d5 34. Qh6 d4 35. Qc6 d3 36.
Qc1 Kg7 37. Qd2 Qe4 38. Qc3+ Kg6 39. Qxc7 d2 40. Qd6+ f6 41. Qxd2 g4 42. hxg4 hxg4 43.
Qd6 Kg5 44. Qxb6 f5 45. Qd8+ Kh5 46. b6 g3 47. Qh8+ Kg5 48. Qg8+ Ng6 49. Qd8+ Kg4 50. f3+ Qxf3 51. Qd4+ f4 52. Qd7+ Kg5 53. Qd8+ Kh6 54.
Qd2 Ne5 55. Qd6+ Ng6 56. Qd2 Qh5 57. b7 Qg5 58. b8=Q f3 59. Qxg5+ Kxg5 60. Qxg3+ Kf6 61.
Qxf3+ 1-0

[Event "*** Qualifier 3: Titled Tuesday 3|2 Blitz"]
[Site "Chess.com"]
[Date "2017.04.18"]
[Round "8"]
[White "Enzy63"]
[Black "XiaoKangZhong"]
[Result "0-1"]
[WhiteElo "2002"]
[BlackElo "1985"]
[TimeControl "180+2"]
[EndTime "14:49:30 PDT"]
[Termination "XiaoKangZhong won on time"]

1. d4 Nf6 2. Nf3 g6 3. c4 Bg7 4. g3 O-O 5. Bg2 d5 6. cxd5 Nxd5 7.
O-O e6 8. e4 Nb6 9. Nc3 N8d7 10. Bf4 a6 11. Qe2 f6 12. Rfd1 c6 13. Bd6 Re8 14.
Rac1 e5 15. dxe5 fxe5 16. a4 a5 17. h4 Qf6 18. Ba3 Nf8 19. Rd6 Be6 20. Nd2 Rad8 21. Rxd8 Rxd8 22. Bc5 Nfd7 23. Be3 Qf7 24. Bg5 Re8 25.
Qe3 Nc4 26. Nxc4 Bxc4 27. Rd1 Be6 28. Qa7 b6 29. Be3 c5 30. Nd5 Bxd5 31. exd5 Rd8 32.
d6 Nf6 33. Qxb6 Rf8 34. Qxc5 Qb3 35. d7 Qxd1+ 36. Bf1 Qxd7 37. Bc4+ Kh8 38. Be2 Qd8 39. h5 Ne4 40. Qc2 Nf6 41. hxg6 hxg6 42. Qxg6 Qe8 43.
Qg5 Qxa4 44. Bc5 Rc8 45. Be7 Qc6 46. Qg6 Qe6 47. Ba3 Qh3 0-1

[Event "*** Qualifier 3: Titled Tuesday 3|2 Blitz"]
[Site "Chess.com"]
[Date "2017.04.18"]
[Round "8"]
[White "woodhy"]
[Black "Bugcrusher"]
[Result "1-0"]
[WhiteElo "2345"]
[BlackElo "2472"]
[TimeControl "180+2"]
[EndTime "14:49:37 PDT"]
[Termination "woodhy won by resignation"]

1. e4 e6 2. d4 d5 3. e5 c5 4. c3 Nc6 5. Be3 Bd7 6. Nf3 f6 7. exf6 Nxf6 8. Bd3 cxd4 9. cxd4 Bd6 10. O-O O-O 11. h3 Qe8 12. Re1 Qh5 13. Nc3 a6 14. Na4 Be8 15. Ng5 Qxd1 16. Raxd1 Nd8 17. Nb6 Rb8 18. Bd2 Bc7 19. Ba5 Nc6 20. Nxe6 Nxa5 21. Nxc7 Bf7 22. Bf5 Nc6 23. Be6 Rbd8 24. Bxf7+ Rxf7 25.
Ne6 Re8 26. Nf4 Rxe1+ 27. Rxe1 Nxd4 28. Nbxd5 Nxd5 29. Nxd5 Rd7 30. Nc3 Kf7 31. Re4 Ne6 32.
Kf1 Rd2 33. Re2 Rd4 34. g3 h6 35. Ke1 b5 36. Rd2 Rc4 37. a3 b4 38. axb4 Rxb4 39. h4 h5 40. Kd1 Nc5 41. Nd5 Rb7 42. Nf4 g6 43. Kc2 Ne4 44. Re2 Rc7+ 45. Kb1 Nf6 46. Ne6 Rc4 47. Ng5+ Kf8 48. Re6 Kg7 49. Rxa6 Ng4 50. Ra7+ Kg8 51. f3 Ne5 52. Ra6 Kg7 53. Re6 Nd3 54. Re7+ Kg8 55. Rd7 Nb4 56. Ne6 Kh8 57. Rd4 Rc6 58. Rxb4 Rxe6 59. Rf4 Kg7 60. Kc2 Re2+ 61. Kc3 g5 62. hxg5 Kg6 63. b4 Kxg5 64. b5 h4 65. Rxh4 Re3+ 66. Kc4 Rxf3 67. Rd4 Rxg3 68. b6 Rg1 69. Rd5+ Kf6 70. Rb5 Rg8 71. b7 Rb8 72. Kd5 Ke7 73. Kc6 Kd8 74. Rd5+ Ke8 75. Kc7 1-0

[Event "*** Qualifier 3: Titled Tuesday 3|2 Blitz"]
[Site "Chess.com"]
[Date "2017.04.18"]
[Round "8"]
[White "Yaacovn"]
[Black "Keranke"]
[Result "0-1"]
[WhiteElo "2607"]
[BlackElo "2650"]
[TimeControl "180+2"]
[EndTime "14:49:54 PDT"]
[Termination "Keranke won by resignation"]

1. d4 Nf6 2. Nf3 g6 3. e3 Bg7 4.
b3 O-O 5. Bb2 d6 6. Be2 Nbd7 7.
O-O Qe8 8. c4 e5 9. dxe5 dxe5 10. Nc3 Qe7 11. Nb5 Rd8 12. Ba3 c5 13. Qd6 Qxd6 14. Nxd6 Ne8 15. Rad1 Nxd6 16. Rxd6 Re8 17. Rfd1 e4 18. Ng5 h6 19. Nh3 Nb6 20. Bxc5 Bf8 21.
Rd8 Bxh3 22. Rxa8 Rxa8 23. Bxf8 Kxf8 24. gxh3 Ke7 25. f3 Nd7 26. fxe4 Ne5 27. Kf2 Rc8 28. Rd5 f6 29. h4 b6 30. Ke1 Rc5 31. Kd2 Nc6 32. Kc3 a5 33. a3 Ne5 34. b4 axb4+ 35. axb4 Rc7 36. Kb3 Ra7 37. Kb2 Rc7 38. Kb3 Ra7 39.
Rd1 Ra8 40. Rc1 Kd7 41. Rd1+ Ke7 42. Rg1 Rd8 43. Re1 Rd2 44. Kc3 Ra2 45. c5 bxc5 46.
bxc5 Kd8 47. Bb5 Rxh2 48. Ra1 Rxh4 49. Kd4 Rh2 50. c6 Rb2 51. Kc5 Ke7 52. Ra7+ Ke6 53. c7 Rc2+ 54. Kb6 Kd6 55. Rb7 Nd7+ 56. Bxd7 Kxd7 57. Ra7 Rc6+ 58. Kb5 Rxc7 59. Ra6 Ke7 60. Ra8 Rc3 61. Rh8 h5 62. Rg8 Kf7 63. Rh8 Rxe3 64. Kc5 Rxe4 65. Kd5 Re5+ 66. Kd6 Kg7 67. Rb8 Rf5 68.
Rb6 Kh6 69. Rb7 h4 70. Rb4 Kg5 71. Rb1 Rf3 72. Ke6 f5 73. Rg1+ Rg3 74. Rh1 Kg4 75.
Kf6 g5 76. Re1 h3 77. Re8 h2 78. Re2 h1=Q 0-1

[Event "*** Qualifier 3: Titled Tuesday 3|2 Blitz"]
[Site "Chess.com"]
[Date "2017.04.18"]
[Round "8"]
[White "olomi007"]
[Black "amazingoid"]
[Result "0-1"]
[WhiteElo "2468"]
[BlackElo "2423"]
[TimeControl "180+2"]
[EndTime "14:50:07 PDT"]
[Termination "amazingoid won by resignation"]

1. e4 c5 2. Nf3 Nc6 3. d4 cxd4 4.
Nxd4 g6 5. Nc3 Bg7 6. Be3 Nf6 7. Bc4 O-O 8. Bb3 Re8 9. O-O d6 10. h3 Bd7 11. Re1 Qa5 12. Nf3 b5 13. Qd2 b4 14. Nd5 Nxe4 15. Qd3 Nf6 16. Nxf6+ Bxf6 17. Nd4 Ne5 18. Qe2 Rac8 19. f4 Nc6 20. Rad1 Nxd4 21.
Bxd4 Bxd4+ 22. Rxd4 Qc5 23. Qf2 a5 24. Re2 a4 25.
Bd5 e6 26. Bf3 Bb5 27. Red2 d5 28. h4 Qe7 29. h5 Rc4 30. h6 Rec8 31. b3 Rc3 32. f5 Qf6 33. Rxb4 axb3 34. axb3 Bd7 35. fxe6 Bxe6 36. Bd1 Qg5 37. Qf4 Qxf4 38. Rxf4 Bf5 39.
Rxd5 Bxc2 40. Bxc2 Rxc2 41. Rfd4 Kf8 42. b4 Ke7 43. b5 Rb2 44. Re4+ Kf6 45. Rf4+ Ke6 46.
Rfd4 Rcc2 47. Rg5 Kf6 48. Rdd5 Ke6 49. Rde5+ Kf6 50. Rc5 Rd2 51. Kh2 Ke6 52. Rce5+ Kf6 53. Rd5 Ke6 54. Rge5+ Kf6 55. Rxd2 Rxd2 56. Rc5 Rb2 57.
Kg3 g5 58. Rc6+ Kf5 59. b6 f6 60. Kf3 Kg6 61. g4 Rb4 62. Ke3 Rxg4 63. b7 Rb4 64. Rc7 Kxh6 65. Kd3 Kg6 66. Kc3 Rb1 67. Kc4 g4 68. Kd5 g3 69. Rc3 Rxb7 70. Rxg3+ Kf5 71. Kd4 Re7 72. Rf3+ Kg5 73. Rf1 f5 74. Rg1+ Kf6 75. Rf1 h5 76. Kd3 h4 77. Kd2 Kg5 78. Rg1+ Kh5 79.
Rf1 Kg4 80. Rg1+ Kh3 81. Rf1 Re5 82. Kd3 Kg2 83. Rxf5 Rxf5 0-1

[Event "*** Qualifier 3: Titled Tuesday 3|2 Blitz"]
[Site "Chess.com"]
[Date "2017.04.18"]
[Round "8"]
[White "Fandorine"]
[Black "Spartakus1975"]
[Result "0-1"]
[WhiteElo "2682"]
[BlackElo "2590"]
[TimeControl "180+2"]
[EndTime "14:50:09 PDT"]
[Termination "Spartakus1975 won by resignation"]

1. Nf3 d5 2. g3 c6 3. Bg2 Nf6 4.
O-O Bf5 5. d3 e6 6. Qe1 h6 7.
Nbd2 Be7 8. e4 Bh7 9. b3 O-O 10.
Bb2 a5 11. a3 Na6 12. Kh1 Nc5 13. Nh4 Qc7 14. f4 dxe4 15. Nxe4 Ncxe4 16. dxe4 Rad8 17. f5 exf5 18. Nxf5 Bxf5 19. Rxf5 Qd7 20. Qxa5 Qd2 21. Qc3 Qxc3 22. Bxc3 Ng4 23. Re1 Bg5 24. h3 Ne3 25. Rf2 Nd1 26. Rxd1 Rxd1+ 27. Kh2 Be3 28. Rf1 Rxf1 29. Bxf1 Rd8 30. Bd3 Bd4 31. Bd2 Be5 32.
Kg2 f6 33. a4 c5 34. Kf3 Kf8 35. Ba5 Rd7 36. Be1 g6 37. Bf2 Bd4 38. Be1 h5 39.
Bb5 Rd6 40. c3 Be5 41. Bf2 b6 42. a5 Kg7 43. a6 Rd8 44. Bc6 Bb8 45. b4 Rd3+ 46. Ke2 Rxc3 47. bxc5 bxc5 48. Kd2 Ra3 49. Bb7 Ra2+ 50. Ke1 c4 51. Bd4 Be5 52. Bxe5 fxe5 53. Kd1 Kf6 54. Kc1 Ke7 55. Kb1 Ra5 56. Kc2 Kd6 57. Kc3 Kc5 58. Bc8 g5 59. h4 g4 60.
Bb7 Ra3+ 61. Kc2 Kb4 62. Bc8 Ra2+ 63. Kb1 Ra3 64. Kc2 c3 65. Bb7 Kc5 66. Kd3 Kb6 67.
Kc2 Ka7 68. Bc8 Ra4 69. Kxc3 Rxe4 70. Kd3 Ra4 71. Ke3 Ra3+ 72. Kf2 e4 73. Bd7 Rf3+ 74. Kg2 e3 0-1

[Event "*** Qualifier 3: Titled Tuesday 3|2 Blitz"]
[Site "Chess.com"]
[Date "2017.04.18"]
[Round "8"]
[White "FearlessKing64"]
[Black "silverback96"]
[Result "0-1"]
[WhiteElo "2132"]
[BlackElo "2046"]
[TimeControl "180+2"]
[EndTime "14:50:19 PDT"]
[Termination "silverback96 won by resignation"]

1. e4 c6 2. d4 d5 3. exd5 cxd5 4.
c4 Nf6 5. Nc3 g6 6. Nf3 Bg7 7.
cxd5 O-O 8. Bc4 Nbd7 9. d6 exd6 10. O-O Nb6 11. Be2 d5 12. h3 Bf5 13. Bf4 Re8 14.
Ne5 Nfd7 15. Bf3 Nxe5 16. dxe5 d4 17. Nb5 d3 18. Nd6 Bxe5 19. Bxe5 Rxe5 20. Nxb7 Qg5 21. Nd6 Rd8 22. Nxf5 Rxf5 23. Be4 Rf4 24. f3 Nc4 25. Qc1 Rd4 26. Qc3 Ne3 27. Rf2 Rd8 28. Bxd3 Rxf3 29. Raf1 Rg3 30. Qd2 Nxf1 31. Qxg5 Rxg5 32. Bxf1 Rd1 33.
Kh2 Rf5 34. Rxf5 gxf5 35. Bc4 Rd2 36. b4 a5 37. b5 Rb2 38. Bb3 a4 39. Bxa4 Rxa2 40.
Bb3 Rb2 41. Bc4 Rb4 42. Be2 f4 43. Kg1 Rb2 44. Kf2 Kg7 45. Kf3 Kf6 46. Bd3 Ke5 47.
Bxh7 f5 48. Bg8 Rxb5 49. Bc4 Rc5 50. Be2 Rc3+ 51. Kf2 Kf6 52. Bf3 Kg5 53. Ke2 Kh4 54. Kf2 Rc2+ 55. Be2 Rc3 56. Bf3 Ra3 57. Be2 Kg5 58. Bf3 Kf6 59. Be2 Ke5 60. Bf3 Kd4 61.
Be2 Rb3 62. Bf3 Rb2+ 63. Be2 Ke4 64. h4 Ra2 65. h5 Rb2 66. Ke1 Ke3 67. Bd1 Rb1 68.
h6 Ra1 69. h7 f3 70. gxf3 Ra8 71. Bc2 f4 72. Kd1 Kxf3 73. Bb3 Rh8 74. Bg8 Kf2 75. Kd2 f3 76. Kd1 Kg1 77. Kd2 f2 78. Bc4 Rxh7 0-1

[Event "*** Qualifier 3: Titled Tuesday 3|2 Blitz"]
[Site "Chess.com"]
[Date "2017.04.18"]
[Round "8"]
[White "rithwik2002"]
[Black "DryCounty"]
[Result "1/2-1/2"]
[WhiteElo "1814"]
[BlackElo "2441"]
[TimeControl "180+2"]
[EndTime "14:50:21 PDT"]
[Termination "Game drawn - insufficient material"]

1. d4 Nf6 2. Bf4 Nh5 3. Bg5 h6 4. Bh4 g6 5. e3 Bg7 6. Be2 Nf6 7. c4 O-O 8. Nc3 c5 9. Nf3 d6 10. O-O Bg4 11. h3 Bf5 12. g4 Bd7 13. d5 Na6 14. Kg2 Nc7 15. a4 Na6 16. Bg3 Nb4 17. Nd2 Re8 18. f4 e6 19. e4 exd5 20. cxd5 Nh7 21.
Nc4 Bc8 22. f5 Bf8 23. fxg6 fxg6 24. e5 dxe5 25. Nxe5 Bg7 26. Nxg6 b6 27. d6 Bb7+ 28.
Bf3 Qd7 29. Bxb7 Qxb7+ 30. Kh2 Bd4 31. Qb3+ Kg7 32. Ne7 Rxe7 33. dxe7 Qxe7 34. Rae1 Qd7 35. Nb5 Bf6 36. Rd1 Qf7 37. Qxf7+ Kxf7 38. Rd7+ Kg6 39.
h4 h5 40. gxh5+ Kh6 41. Bf4+ Kxh5 42. Rxh7+ Kg6 43. Rh6+ Kg7 44. Bg5 Be5+ 45. Kh3 Nd5 46. Re6 Bxb2 47. Rd6 Nb4 48. Rd7+ Kg8 49. Rff7 Nc6 50.
Rc7 Ne5 51. Rfe7 Ng6 52. Rh7 Be5 53. Rcd7 c4 54. h5 Nf8 55. Rhe7 Nxd7 56. Rxd7 c3 57. h6 Rc8 58. h7+ Kh8 59. Nd6 Bxd6 60. Rxd6 Kxh7 61. Rd7+ Kg6 62. Bc1 a5 63. Rd6+ Kf5 64. Rxb6 Ke4 65. Rb5 Kd3 66. Rxa5 Rb8 67. Bg5 c2 68. Rc5 Rg8 69. Kg4 Ra8 70. a5 Ra6 71. Rf5 Rc6 72. Rd5+ Kc4 73. Rf5 Kb4 74. Rf1 Kxa5 75. Rc1 Kb4 76. Kf3 Kb3 77. Bd2 Kb2 78. Rf1 Rd6 79. Be3 Rd3 80. Ke2 Rb3 81. Bd4+ Ka3 82.
Ra1+ Kb4 83. Kd2 Rb1 84. Kxc2 Rxa1 85. Bxa1 1/2-1/2

[Event "*** Qualifier 3: Titled Tuesday 3|2 Blitz"]
[Site "Chess.com"]
[Date "2017.04.18"]
[Round "8"]
[White "A-Fier"]
[Black "Marcus_Harvey"]
[Result "1/2-1/2"]
[WhiteElo "2523"]
[BlackElo "2524"]
[TimeControl "180+2"]
[EndTime "14:50:31 PDT"]
[Termination "Game drawn - insufficient material"]

1. e4 e6 2. d4 d5 3. Nd2 a6 4.
Ngf3 Nf6 5. e5 Nfd7 6. Bd3 c5 7. c3 Nc6 8. O-O g5 9. dxc5 Nxc5 10. Bc2 Nd7 11.
Re1 Bg7 12. Nb3 h6 13. Nbd4 Ndxe5 14. Nxe5 Nxe5 15. f4 Nc4 16. Qh5 Bxd4+ 17. cxd4 Qf6 18. fxg5 Qxd4+ 19. Kf1 hxg5 20. Qd1 Qxd1 21. Rxd1 Rxh2 22. Bxg5 Rh5 23. Bc1 Bd7 24. b3 Rh1+ 25. Kf2 Rxd1 26. Bxd1 Ne5 27. Be2 Bb5 28. Bf4 Ng6 29. Bg5 Bxe2 30.
Kxe2 Kd7 31. Rf1 f5 32. Rh1 Rc8 33. Rh7+ Kd6 34. Rxb7 Rc2+ 35. Ke3 Rxa2 36. Rg7 f4+ 37. Kd3 Ne5+ 38. Kc3 Rxg2 39. Be7+ Kd7 40. Rxg2 Kxe7 41. Ra2 f3 42. Kd2 Ng4 43. Ra4 Nh2 44. Ke3 e5 45. Rh4 Nf1+ 46. Kxf3 Nd2+ 47. Kg4 Nxb3 48. Kf5 e4 49.
Ke5 d4 50. Rxe4 Kd7 51. Kd5 Kc7 52. Re6 d3 53. Re7+ Kb6 54. Kc4 d2 55. Rd7 Na5+ 56.
Kc3 Nb7 57. Rxd2 Nc5 58. Kc4 Nb7 59. Kd5 Kc7 60. Rc2+ Kb6 61. Rh2 a5 62. Rh6+ Kc7 63.
Rc6+ Kd7 64. Rc1 Nd8 65. Rd1 Nb7 66. Rc1 Nd8 67. Rb1 Kc7 68. Kc5 Ne6+ 69. Kb5 Nd4+ 70. Kxa5 Nc6+ 71. Kb5 Nd4+ 72. Kc4 Ne6 73. Kd5 Nd8 74. Ra1 Kd7 75. Ra7+ Ke8 76. Ke5 Nf7+ 77. Kf6 Nd8 78. Re7+ Kf8 79. Rh7 Ke8 80. Re7+ Kf8 81. Re1 Nc6 82. Rc1 Nd8 83. Re1 Nc6 84. Rd1 Ke8 85.
Rd6 Nd8 86. Rd5 Nc6 87. Rc5 Nd8 88. Rc7 Kf8 89. Rd7 Ke8 90. Rh7 Nc6 91. Ke6 Nd8+ 92. Kd5 Nf7 93. Ke6 Nd8+ 94. Kf6 Nc6 95. Rc7 Nd8 96. Re7+ Kf8 97. Re5 Nc6 98. Rh5 Ke8 99.
Ke6 Nd8+ 100. Kf6 Nc6 101. Rc5 Nd8 102. Rc4 Kd7 103. Rd4+ Ke8 104. Rxd8+ Kxd8 1/2-1/2

[Event "*** Qualifier 3: Titled Tuesday 3|2 Blitz"]
[Site "Chess.com"]
[Date "2017.04.18"]
[Round "8"]
[White "Aygehovit1992"]
[Black "Abrito99"]
[Result "1/2-1/2"]
[WhiteElo "2424"]
[BlackElo "2336"]
[TimeControl "180+2"]
[EndTime "14:50:37 PDT"]
[Termination "Game drawn by agreement"]

1. e4 e6 2. Qe2 c5 3. Nf3 Nc6 4.
g3 Be7 5. Bg2 Nf6 6. O-O d5 7.
e5 Nd7 8. d3 b5 9. h4 Bb7 10.
h5 h6 11. a4 bxa4 12. Rxa4 d4 13. Nbd2 Qc7 14. Re1 Nb4 15. Nc4 Nb6 16. Nd6+ Bxd6 17. exd6 Qxd6 18. Bf4 Qe7 19. Ra5 N4d5 20. Bd2 O-O 21.
c4 dxc3 22. bxc3 Rfd8 23. Ne5 Nf6 24. Nc6 Bxc6 25. Bxc6 Rac8 26. Bg2 Qd7 27. Bf1 Rc7 28. Rea1 Nc4 29. dxc4 Qxd2 30. Qxd2 Rxd2 31. Rxa7 Rxa7 32. Rxa7 Ne4 33. Rc7 Kf8 34. Bg2 Nxf2 35. Rxc5 Ng4 36. Bf3 Ne3 37. Rc8+ Ke7 38. c5 Rc2 39. c6 Rxc3 40.
Kf2 Nd5 41. g4 Kd6 42. Rd8+ Kc7 43. Rd7+ Kxc6 44. Rxf7 Kd6 45. Rxg7 Nf4 46. Be4 Nh3+ 47.
Ke2 Rg3 48. Bb1 Ke5 49. Rh7 Ng5 50. Rxh6 Rxg4 51. Rg6 Rg2+ 52. Kd1 Rb2 53. Kc1 Rg2 54. h6 Rg1+ 55. Kb2 Rg2+ 56. Ka1 Kf4 57. h7 Rh2 58. Rg7 e5 59. Rg8 Nxh7 60. Rh8 e4 61. Re8 Ng5 62.
Rf8+ Ke3 63. Rg8 Nf3 64. Re8 Nd2 65. Ba2 Nf3 66. Bd5 Nd2 67. Kb2 Kd4 68. Ba8 e3 69.
Rd8+ Ke5 70. Kc3 Ne4+ 71. Kb3 e2 72. Re8+ Kf5 73. Bxe4+ Kf4 74. Bd3 Rh3 75. Kc2 Re3 76.
Rf8+ Ke5 77. Re8+ Kf4 78. Rf8+ Ke5 79. Bxe2 Rxe2+ 80. Kd3 Rh2 1/2-1/2

[Event "*** Qualifier 3: Titled Tuesday 3|2 Blitz"]
[Site "Chess.com"]
[Date "2017.04.18"]
[Round "8"]
[White "PelinGorki"]
[Black "GMMarcinDziuba"]
[Result "0-1"]
[WhiteElo "2375"]
[BlackElo "2547"]
[TimeControl "180+2"]
[EndTime "14:50:42 PDT"]
[Termination "GMMarcinDziuba won by resignation"]

1. e4 c5 2. Nf3 d6 3. d4 cxd4 4. Nxd4 Nf6 5. Nc3 a6 6. a3 e5 7. Nf3 Qc7 8. Bd3 Be7 9. O-O O-O 10. h3 Nbd7 11. Be3 b5 12. Qd2 Nb6 13. b3 Bb7 14.
Rfe1 Rad8 15. Rad1 Rfe8 16. Nh2 d5 17. exd5 Nbxd5 18. Nxd5 Nxd5 19. c4 Nxe3 20. Qxe3 bxc4 21. Bxc4 Bxa3 22.
Ng4 Rxd1 23. Rxd1 h5 24. Nh2 Bc8 25. Qg5 Be6 26. Bxe6 Rxe6 27. Qxh5 g6 28. Qh6 Bf8 29. Qg5 Qc2 30. Rc1 Qxb3 31. Ng4 Qb7 32. Nf6+ Kg7 33. Nh5+ Kh8 34. Ng3 Qe7 35. Qg4 Qd8 36. Qa4 Kg7 37. Rc4 Qe8 38. Qa1 Be7 39. Rg4 Kh7 40.
h4 f5 41. Rc4 Qd7 42. Qb1 f4 43. Ne4 Rc6 44. Rxc6 Qxc6 45. h5 gxh5 46. Nd6+ Kg7 47.
Nf5+ Kf6 48. Nxe7 Kxe7 49. Qh7+ Kd6 50. Qxh5 a5 51. Qg6+ Kc5 52. Qc2+ Kb6 53. Qb3+ Qb5 54. Qe6+ Kb7 55. Qe7+ Kc6 56. Qe8+ Kb6 57. Qb8+ Kc5 58.
Qxe5+ Kb4 59. Qxf4+ Qc4 60. Qd6+ Kb3 61. Qd1+ Kb4 62.
Qb1+ Kc5 63. Qf5+ Qd5 64. Qc8+ Kb4 65. Qb8+ Kc3 66. Qc7+ Kd3 67. g4 a4 68. Qh7+ Qe4 69. Qd7+ Ke2 70. Kh2 a3 71. Qb5+ Qd3 72. Qe5+ Kxf2 73. Qf6+ Qf3 74. Qd4+ Kf1 75. Qc4+ Qe2+ 0-1

[Event "*** Qualifier 3: Titled Tuesday 3|2 Blitz"]
[Site "Chess.com"]
[Date "2017.04.18"]
[Round "9"]
[White "Rock700chess"]
[Black "Blitzstream"]
[Result "1/2-1/2"]
[WhiteElo "2257"]
[BlackElo "2462"]
[TimeControl "180+2"]
[EndTime "14:54:02 PDT"]
[Termination "Game drawn by agreement"]

1. e4 e6 2. d4 d5 3. Nc3 dxe4 4.
Nxe4 Bd7 5. Bd3 Bc6 6. c3 Nd7 7. Nf3 Ngf6 8. Qe2 Nxe4 9. Bxe4 Bxe4 10. Qxe4 c6 11. Bf4 Nf6 12. Qd3 Bd6 13. Bg5 h6 14. Bh4 Qc7 15. Bxf6 gxf6 16. O-O-O O-O-O 17. Kb1 c5 18. g3 Qc6 19. d5 exd5 20. Qxd5 Qxd5 21.
Rxd5 1/2-1/2

[Event "*** Qualifier 3: Titled Tuesday 3|2 Blitz"]
[Site "Chess.com"]
[Date "2017.04.18"]
[Round "9"]
[White "CM_FM_IM_GM"]
[Black "cailinchetty"]
[Result "0-1"]
[WhiteElo "1998"]
[BlackElo "1952"]
[TimeControl "180+2"]
[EndTime "14:54:50 PDT"]
[Termination "cailinchetty won by checkmate"]

1. d4 Nf6 2. c4 g6 3. Nf3 Bg7 4.
g3 d6 5. Bg2 O-O 6. O-O Nc6 7.
d5 Nb8 8. Nc3 e5 9. e4 Nbd7 10.
Re1 Ne8 11. b4 f5 12. Nd2 f4 13. a4 g5 14. a5 Ndf6 15. f3 h5 16. gxf4 exf4 17.
Bb2 g4 18. Kh1 g3 19. h3 Nh7 20. Qe2 Qh4 21. Qf1 Ng5 22. Nd1 Bxh3 23. Bxh3 Nxh3 24.
Kg2 Nf2 25. Qg1 Qh3# 0-1

[Event "*** Qualifier 3: Titled Tuesday 3|2 Blitz"]
[Site "Chess.com"]
[Date "2017.04.18"]
[Round "9"]
[White "NowInChess"]
[Black "RaphaeI"]
[Result "0-1"]
[WhiteElo "2081"]
[BlackElo "2398"]
[TimeControl "180+2"]
[EndTime "14:55:34 PDT"]
[Termination "RaphaeI won by resignation"]

1. e4 e6 2. d3 d5 3. Nd2 Nf6 4. Ngf3 b6 5. e5 Nfd7 6. d4 c5 7. c3 Be7 8. Bd3 Ba6 9. Bxa6 Nxa6 10.
Qe2 Nab8 11. O-O Nc6 12. Nb3 c4 13. Nbd2 b5 14. a3 Nb6 15. b4 a5 16. Bb2 Kd7 17. Rfb1 Na4 18. Ra2 axb4 19. axb4 Nxc3 20. Rxa8 Nxe2+ 21. Kf1 Qxa8 0-1

[Event "*** Qualifier 3: Titled Tuesday 3|2 Blitz"]
[Site "Chess.com"]
[Date "2017.04.18"]
[Round "9"]
[White "alekroth64"]
[Black "juniortay"]
[Result "0-1"]
[WhiteElo "2225"]
[BlackElo "2229"]
[TimeControl "180+2"]
[EndTime "14:56:03 PDT"]
[Termination "juniortay won by resignation"]

1. d4 Nf6 2. c4 d6 3. Nc3 Nbd7 4.
e4 e5 5. Nf3 Be7 6. h3 O-O 7. Be3 c6 8. Be2 Qe8 9. O-O Bd8 10. Qc2 Qe7 11. b4 Bb6 12. c5 dxc5 13. dxc5 Bc7 14. Nd2 Rd8 15. Nc4 Nf8 16. b5 Ne6 17.
bxc6 bxc6 18. Na4 Nd4 19. Bxd4 Rxd4 20. f3 Nh5 21. Rfd1 Nf4 22. Bf1 Be6 23. Nd6 Bxd6 24. cxd6 Qxd6 25. Nc5 h5 26. Rxd4 Qxd4+ 27. Kh2 Qxa1 0-1